cohdb
Replays
Latest Replays
All Replays
Popular Replays
Top Player Replays
Match Explorer
How It Works
Community
CoH3 Stats
Reddit
Sign in to upload your games and track your stats! →
Sign in with Steam
Match 41217173
Unlisted
Match 41217173
Overview
Messages
Build Orders
End
Construct Weapon Support Center
Scout Squad
Selects Heavy Weapons
M1919 Machine Gun Team
M1919 Machine Gun Team
Construct Barracks
Riflemen Squad
1⁄4-ton 4x4 Truck
Mechanized Support Center
Selects Assault Carriers
M3 Assault Carrier
Construct Medical Station
Designate Forward Repair Station
Selects Exchangeable Parts
M3 Assault Carrier
Improvised Armor
M3 Assault Carrier
Engineer Squad
Riflemen Squad
Riflemen Squad
M1918 Browning Automatic Rifles
Grenade Package
Selects M2HB .50cal Heavy Machine Gun
Salvage Crew
Construct Tank Depot
Sniper
M4A1 Sherman Medium Tank
M4A1 Sherman Medium Tank
M1 Mortar Team
Selects M26 Pershing Heavy Tank
M26 Pershing Heavy Tank
Selects Rapid Reposition
Selects Black Dragon Artillery Barrage
M4A1 Sherman Medium Tank
Riflemen Squad
M1919 Machine Gun Team
M4A1 76mm Conversion
M4A1(76) Sherman Medium Tank
Khayyam
Corpse
Barbar Jinks
rockkiller31
Henkka12345
MrFrezze
0
0
Comments
sign in to comment!
No comments posted yet!